 Dungeon Crawl Stone Soup version 0.26.1-10-gdfb7c7de75 (webtiles) character file.

Game seed: 11190867909321637315

2660 CrazyMind the Frost Mage (level 9, -4/111 HPs)
             Began as a Naga Ice Elementalist on Apr 8, 2021.
             Was a Believer of Kikubaaqudgha.
             Slain by an orc knight
             ... wielding a +0 war axe
              (7 damage)
             ... in a bailey on Apr 9, 2021.
             The game lasted 00:51:20 (7675 turns).

CrazyMind the Frost Mage (Naga Ice Elementalist)    Turns: 7675, Time: 00:51:21

Health: -4/111     AC: 18    Str: 11    XL:     9   Next: 63%
Magic:  16/19      EV: 10    Int: 19    God:    Kikubaaqudgha [**....]
Gold:   305        SH:  0    Dex: 11    Spells: 12/22 levels left

rFire    . . .     SeeInvis +   y - +0 spear
rCold    . . .     Faith    .   (no shield)
rNeg     . . .     Spirit   .   q - +0 leather armour
rPois    +         Reflect  .   k - +2 helmet
rElec    .         Harm     .   (no cloak)
rCorr    .         Rampage  .   (no gloves)
Will     +....                  (no barding)
Stlth    ..........             c - amulet of magic regeneration
HPRegen  0.28/turn              t - +4 ring of protection
MPRegen  0.41/turn              (no ring)

@: mighty, berserking, icy armour, frozen ramparts, quick
A: large, see invisible, deformed body, poison resistance, slowness 2, spit
poison 1, AC +3
a: Spit Poison, Renounce Religion, Receive Corpses


You were in a bailey.
You worshipped Kikubaaqudgha.
Kikubaaqudgha was pleased with you.
You visited 2 branches of the dungeon, and saw 8 of its levels.
You also visited: Bailey.

You collected 305 gold pieces.

Inventory:

Hand Weapons
 y - a +0 spear (weapon)
Missiles
 a - 4 atropa-tipped darts
 b - 10 boomerangs (quivered)
 d - 214 stones
 i - 65 poisoned darts
 j - 80 sling bullets
 r - a throwing net
 w - 160 arrows
 H - 4 javelins
Armour
 k - a +2 helmet (worn)
 q - a +0 leather armour (worn)
Jewellery
 c - an amulet of magic regeneration (around neck)
 t - a +4 ring of protection (left hand)
 G - an uncursed ring of fire
 J - an uncursed amulet of the acrobat
Wands
 o - a wand of random effects (9)
 C - a wand of acid (9)
 E - a wand of enslavement (11)
 I - a wand of iceblast (16)
Scrolls
 f - 3 scrolls of teleportation
 g - 8 scrolls of identify
 h - a scroll of fear {unknown}
 l - a scroll of fog {unknown}
 m - 4 scrolls of remove curse
 n - 4 scrolls of immolation
 p - a scroll of enchant weapon {unknown}
Potions
 e - 3 potions of might
 s - 2 potions of flight
 v - a potion of degeneration {unknown}
 x - a potion of berserk rage
 z - 2 potions of heal wounds {unknown}
 A - 2 potions of attraction {unknown}
 B - a potion of resistance {unknown}
 D - a potion of magic {unknown}
 F - a potion of ambrosia {unknown}


   Skills:
 + Level 2.3 Fighting
 + Level 2.9 Armour
 + Level 3.1 Dodging
 + Level 5.8 Stealth
 * Level 7.2 Spellcasting
 * Level 1.8 Necromancy
 * Level 8.7 Ice Magic


You had 12 spell levels left.
You knew the following spells:

 Your Spells              Type           Power        Failure   Level
a - Freeze                Ice            100%         1%          1
b - Frozen Ramparts       Ice            80%          1%          3
c - Ozocubu's Armour      Ice            40%          1%          3
d - Sublimation of Blood  Necr           7%           9%          2
e - Pain                  Necr           56%          6%          1

Your spell library contained the following spells:

 Spells                   Type           Power        Failure   Level
 Corpse Rot               Necr/Air       N/A          13%         2
 Vampiric Draining        Necr           7%           17%         3
 Hailstorm                Conj/Ice       23%          21%         4
 Summon Ice Beast         Ice/Summ       23%          21%         4
 Confusing Touch          Hex            6%           36%         3
 Gell's Gravitas          Tloc           3%           36%         3
 Metabolic Englaciation   Hex/Ice        11%          50%         5
 Petrify                  Tmut/Erth      6%           77%         4
 Yara's Violent Unravell  Hex/Tmut       3%           98%         5


Dungeon Overview and Level Annotations

Branches:
Dungeon (7/15)             Temple (1/1) D:5          Bailey (1/1)

Altars:
Ashenzari
Cheibriados
Dithmenos
Elyvilon
Fedhas
Gozag
Hepliaklqana
Kikubaaqudgha
Makhleb
Nemelex Xobeh
Okawaru
Qazlal
Ru
Sif Muna
Trog
Uskayaw
Vehumet
Wu Jian
Xom
Yredelemnul
Zin
The Shining One

Shops:
D:5 =


Innate Abilities, Weirdness & Mutations

You cannot wear boots.
Your serpentine skin is tough. (AC +3)
You have supernaturally acute eyesight. (SInv)
Armour fits poorly on your strangely shaped body.
Your system is resistant to poisons. (rPois)
You cover ground very slowly.
You can spit poison.


Message History

Press: ? - help, Shift-Dir - straight line, f - orc knight
Aim: an orc knight, wielding a +0 war axe and wearing a +0 plate armour (severely wounded)
You freeze the orc knight.
The orc knight is severely wounded.
The wall freezes the orc knight.
The orc knight hits you with a +0 war axe!
* * * LOW HITPOINT WARNING * * *
It was a potion of berserk rage.
A red film seems to cover your vision as you go berserk!
You feel yourself moving faster!
You feel mighty!
The wall freezes the orc knight.
The orc knight hits you but does no damage.
You completely miss the orc knight.
The orc knight is almost dead.
You barely miss the orc knight.
The orc knight is almost dead.
The wall freezes the orc knight!
The orc knight hits you with a +0 war axe!
You die...
Kikubaaqudgha rasps: "You have failed me!
Welcome... death!"

###.!}...!?.###
#.............#
...............
...............
...........
....... #.).#
###o###
##..@).##
#...8...#
#∩....)∩#
##..)..##
####'''####
##≈.......≈##
##≈≈.......≈≈##
.'≈≈.......≈≈'.
###≈≈.......≈≈##


You could see an orc knight.

Vanquished Creatures
  4 orc warriors
  3 sky beasts (D:6)
  5 ogres
  3 centaurs
  A bullfrog (D:6)
  Blork the orc (D:6)
  A wyvern skeleton (D:6)
  3 howler monkeys
  2 centaur zombies
  2 bullfrog zombies (D:6)
  2 hounds
  A jelly (D:5)
  An orc priest (D:4)
  2 bullfrog skeletons (D:6)
  2 centaur skeletons (D:6)
  Terence (D:2)
  2 iguanas
  5 worker ants
  A killer bee zombie (D:6)
  A hound skeleton (D:6)
  2 hound zombies (D:6)
  A howler monkey zombie (D:6)
  2 worker ant zombies (D:6)
  10 gnolls
  10 adders
  A howler monkey skeleton (D:6)
  2 shadow imps (D:6)
  2 white imps
  3 oozes
  3 adder zombies (D:6)
  3 worms
  A dart slug (D:1)
  6 leopard geckos
  15 orcs
  5 giant cockroaches
  19 goblins
  8 hobgoblins
  6 jackals
  13 kobolds
  6 quokkas
  4 ball pythons
  10 bats
  4 frilled lizards
  A jackal skeleton (D:6)
  A leopard gecko skeleton (D:5)
  2 quokka skeletons (D:6)
  2 quokka zombies (D:6)
  10 rats
195 creatures vanquished.

Vanquished Creatures (others)
  5 plants (D:5)
  7 withered plants (D:6)
12 creatures vanquished.

Grand Total: 207 creatures vanquished

Notes
Turn   | Place    | Note
-------+----------+-------------------------------------------
     0 | D:1      | CrazyMind the Naga Ice Elementalist began the quest for the
                  | Orb.
     0 | D:1      | Reached XP level 1. HP: 15/15 MP: 3/3
   151 | D:1      | Reached XP level 2. HP: 14/22 MP: 1/5
   526 | D:1      | Reached XP level 3. HP: 26/28 MP: 3/6
  1056 | D:2      | Noticed Terence
  1062 | D:2      | Killed Terence
  1063 | D:2      | Reached skill level 5 in Ice Magic
  1063 | D:2      | Reached XP level 4. HP: 35/36 MP: 3/8
  1072 | D:2      | Learned a level 3 spell: Frozen Ramparts
  1076 | D:2      | Learned a level 3 spell: Ozocubu's Armour
  1200 | D:2      | Reached XP level 5. HP: 39/42 MP: 2/9
  2173 | D:3      | Found a basalt altar of Yredelemnul.
  2497 | D:3      | Reached skill level 5 in Stealth
  2497 | D:3      | Reached XP level 6. HP: 41/50 MP: 5/10
  3269 | D:4      | Found a shimmering altar of Xom.
  3322 | D:3      | Reached skill level 1 in Armour
  3353 | D:4      | Reached skill level 6 in Ice Magic
  3528 | D:4      | Reached XP level 7. HP: 46/56 MP: 9/12
  3669 | D:4      | You fall into a shaft and drop 2 floors!
  3709 | D:6      | Reached skill level 1 in Fighting
  3878 | D:5      | Entered Level 5 of the Dungeon
  3889 | D:6      | Found a blossoming altar of Fedhas.
  4115 | D:5      | Found an ornate altar of the Wu Jian Council.
  4189 | D:5      | Found a staircase to the Ecumenical Temple.
  4199 | Temple   | Entered the Ecumenical Temple
  4435 | Temple   | Became a worshipper of Kikubaaqudgha
  4659 | D:5      | Reached XP level 8. HP: 53/64 MP: 10/15
  4786 | D:5      | Reached skill level 7 in Ice Magic
  4848 | D:5      | Found Mepsyrul's Jewellery Shoppe.
  4873 | D:5      | Reached skill level 5 in Spellcasting
  5929 | D:6      | Reached * piety under Kikubaaqudgha
  5929 | D:6      | Identified Kikubaaqudgha's Guide on Stolen Souls
                  | (Kikubaaqudgha gifted it to you on level 6 of the Dungeon)
  5929 | D:6      | Received a gift from Kikubaaqudgha
  6094 | D:6      | Reached skill level 8 in Ice Magic
  6169 | D:6      | Reached XP level 9. HP: 73/73 MP: 13/18
  6171 | D:6      | Noticed Blork the orc
  6946 | D:6      | Reached skill level 1 in Necromancy
  7110 | D:6      | Killed Blork the orc
  7250 | D:6      | Reached ** piety under Kikubaaqudgha
  7310 | D:6      | Found a blossoming altar of Fedhas.
  7342 | D:6      | Found a sparkling altar of Nemelex Xobeh.
  7345 | D:6      | Found a glowing silver altar of Zin.
  7395 | D:7      | Found a flagged portal.
  7409 | D:7      | Learned a level 2 spell: Sublimation of Blood
  7410 | Bailey   | Entered a bailey
  7423 | Bailey   | Learned a level 1 spell: Pain
  7656 | Bailey   | Noticed an orc knight
  7672 | Bailey   | HP: 2/74 [orc knight/+0 war axe (15)]
  7675 | Bailey   | Slain by an orc knight

Illustrated notes

Levels and vault maps discovered:
D:1:      roderic_chinese_lattice_arrival, layout_rooms
D:2:      minmay_evil_eye, layout_loops_corners, bh_walls_and_bars, uniq_terence
D:3:      layout_basic, yredelemnul_altar_generic, minmay_diced_spiral
D:4:      cheibrodos_quashed, layout_cave_pools, lemuel_crystal_altar
D:5:      layout_basic, pdpol_wu_jian_five_deadly_venoms,
          minmay_temple_entry_statues_pillars, serial_shops,
          kennysheep_mini_moat, serial_bayou_ford_a,
          hangedman_abyss_or_decor_passed, serial_bayou_pond_b,
          grunt_ministairs_15
D:6:      layout_loops_ring, minmay_overflow_temple_star_quad, serial_undead,
          serial_undead_f, serial_undead_a, serial_undead_b, serial_undead_b,
          serial_undead_e, serial_undead_a, serial_undead_a, serial_undead_a,
          fedhas_bush_and_centaur_altar, uniq_blork_the_orc
D:7:      lemuel_ice_spiral_2, layout_basic, enter_bailey_3, serial_rivers,
          chequers_serial_rivers_room_b, chequers_serial_rivers_small_b,
          chequers_serial_rivers_room_b, chequers_serial_rivers_room_a,
          chequers_serial_rivers_room_a
Temple:   eino_temple_rhombus
Bailey:   bailey_axe_3, bailey

Skill      XL: |  1  2  3  4  5  6  7  8  9 |
---------------+----------------------------+-----
Ice Magic      | 5 6 8 |  8.7
Spellcasting   | 3 4 6 7 |  7.2
Stealth        | 4 5 |  5.8
Armour         | 1 2 |  2.9
Fighting       | 1 2 |  2.3
Dodging        | 2 3 |  3.1
Necromancy     | 1 |  1.8

Action                   |  1- 3 |  4- 6 |  7- 9 || total
-------------------------+-------+-------+-------++-------
Melee: Dagger            |     6 |    20 |       ||    26
       Spear             |       |    15 |   334 ||   349
Throw: Boomerang         |       |       |     8 ||     8
 Cast: Freeze            |    36 |    73 |    91 ||   200
       Frozen Ramparts   |       |     5 |    12 ||    17
       Ozocubu's Armour  |       |       |    21 ||    21
       Pain              |       |       |    19 ||    19
 Abil: Spit Poison       |     5 |     6 |     8 ||    19
  Use: Scroll            |       |     2 |     4 ||     6
       Potion            |       |       |     5 ||     5
 Stab: Sleeping          |     3 |    12 |     4 ||    19
Armor: Robe              |     5 |    10 |       ||    15
       Leather armour    |       |    41 |   266 ||   307
Dodge: Dodged            |    19 |    54 |   259 ||   332
